 Dungeon Crawl Stone Soup version 0.31-a0-841-g038b102fc3 (webtiles) character file.

Game seed: 16612224876905698890

99 croobank the Covert (level 4, -2/61 HPs)
             Began as a Gnoll Delver on Sept 27, 2023.
             Slain by an ice beast (6 damage)
             ... on level 6 of the Dungeon.
             The game lasted 00:03:57 (753 turns).

croobank the Covert (Gnoll Delver)                   Turns: 753, Time: 00:03:58

Health: -2/61      AC: 22    Str: 11    XL:     4   Next: 72%
Magic:  5/5        EV:  2    Int: 11    God:
Gold:   112        SH:  0    Dex: 14    Spells: 5/5 levels left

rFire   . . .        a - +0 short sword
rCold   . . .        (no shield)
rNeg    . . .        b - melded +0 leather armour
rPois   +            (helmet currently unavailable)
rElec   .            (cloak currently unavailable)
rCorr   .            (gloves currently unavailable)
SInv    .            (boots currently unavailable)
Will    .....        (no amulet)
Stlth   ++++         (no ring)
HPRegen 0.30/turn    (no ring)
MPRegen 0.09/turn

%: no passive effects
@: tree-form
A: stationary, stasis, torment immunity, boosted hp, (fangs 1), strong nose,
distributed training
a: no special abilities


You were on level 6 of the Dungeon.
You were a tree.
You visited 1 branch of the dungeon, and saw 2 of its levels.

You collected 112 gold pieces.

Inventory:

Hand Weapons
 a - a +0 short sword (weapon)
Armour
 b - a +0 leather armour (melded)
Talismans
 h - a maw talisman
Wands
 g - a wand of digging (2)


   Skills:
 + Level 6.6 Fighting
 + Level 4.7 Short Blades
 + Level 1.2 Long Blades
 + Level 1.2 Axes
 + Level 1.2 Maces & Flails
 + Level 1.2 Polearms
 + Level 1.2 Staves
 + Level 1.2 Ranged Weapons
 + Level 1.2 Throwing
 + Level 1.2 Armour
 + Level 4.7 Dodging
 + Level 9.6 Stealth
 + Level 1.2 Shields
 + Level 1.2 Unarmed Combat
 + Level 1.2 Spellcasting
 + Level 1.0 Conjurations
 + Level 1.0 Hexes
 + Level 1.0 Summonings
 + Level 1.0 Necromancy
 + Level 1.0 Translocations
 + Level 1.0 Transmutations
 + Level 1.0 Fire Magic
 + Level 1.0 Ice Magic
 + Level 1.0 Air Magic
 + Level 1.0 Earth Magic
 + Level 1.0 Poison Magic
 + Level 1.4 Invocations
 + Level 1.2 Evocations
 + Level 1.1 Shapeshifting


You had 5 spell levels left.
You didn't know any spells.
Your spell library was empty.

Dungeon Overview and Level Annotations

Branches:
Dungeon (6/15)
 Temple: D:4-7

Altars:


Innate Abilities, Weirdness & Mutations

You are a tree.
Your roots penetrate the ground, keeping you stationary.
You cannot be teleported.
You are immune to unholy pain and torment.
Your maximum health is greatly increased.
Your equipment is partially melded.
((You have very sharp teeth.))
Your uncanny sense of smell can sniff out nearby items.
Your experience applies equally to all skills.


Message History

Your Shields skill increases to level 1!
Your Unarmed Combat skill increases to level 1!
Your Spellcasting skill increases to level 1!
Your Conjurations skill increases to level 1!
Your Hexes skill increases to level 1!
Your Summonings skill increases to level 1!
Your Necromancy skill increases to level 1!
Your Translocations skill increases to level 1!
Your Transmutations skill increases to level 1!
Your Fire Magic skill increases to level 1!
Your Ice Magic skill increases to level 1!
Your Air Magic skill increases to level 1!
Your Earth Magic skill increases to level 1!
Your Poison Magic skill increases to level 1!
Your Invocations skill increases to level 1!
Your Evocations skill increases to level 1!
Your Shapeshifting skill increases to level 1!
You have reached level 4!
You feel agile.
You aren't carrying any potions.
As you read the scroll labelled KUSENKAUZI, it crumbles to dust.
It is a scroll of identify.
You don't currently have any unidentified items.
You hit the ice beast but do no damage.
The ice beast hits you but does no damage.
You barely miss the ice beast. The ice beast hits you.
* * * LOW HITPOINT WARNING * * *
The ice beast freezes you.
* * * LOW HITPOINT WARNING * * *
You hit the ice beast but do no damage.
The ice beast hits you but does no damage.
You hit the ice beast but do no damage. You hit the ice beast but do no damage.
The ice beast hits you but does no damage.
You hit the ice beast.
The ice beast is lightly wounded.
The ice beast hits you.
* * * LOW HITPOINT WARNING * * *
The ice beast freezes you.
You die...

#....##'####..?
#.....#........
#.....#K.......
#.....'........
####'##...#####
##K...##...##...
##KK.............
##Y##.............
##♣##..............
##.###....##...##...
#.## #....##...# ...
#.## ##....#...# ...
#.# #.....#...# ...
## #....##...# ...
#######...# ...
#....##...##...
#....#.........


You could see an ice beast and 3 kobolds.

Vanquished Creatures
  A kobold brigand (D:6)
  An iguana (D:5)
  An ufetubus (D:6)
3 creatures vanquished.

Notes
Turn   | Place    | Note
-------+----------+-------------------------------------------
     0 | D:5      | Reached skill level 9 in Stealth
     0 | D:5      | croobank the Gnoll Delver began the quest for the Orb.
     0 | D:5      | Reached XP level 1. HP: 23/23 MP: 1/1
    15 | D:5      | Noticed an iguana
    20 | D:5      | Killed an iguana
    21 | D:5      | Reached XP level 2. HP: 29/29 MP: 2/2
    21 | D:5      | Reached XP level 3. HP: 35/35 MP: 3/3
   583 | D:6      | Noticed a centaur
   678 | D:6      | Noticed a kobold brigand
   707 | D:6      | Noticed an ice beast
   746 | D:6      | Killed a kobold brigand
   747 | D:6      | Reached skill level 1 in Long Blades
   747 | D:6      | Reached skill level 1 in Axes
   747 | D:6      | Reached skill level 1 in Maces & Flails
   747 | D:6      | Reached skill level 1 in Polearms
   747 | D:6      | Reached skill level 1 in Staves
   747 | D:6      | Reached skill level 1 in Ranged Weapons
   747 | D:6      | Reached skill level 1 in Throwing
   747 | D:6      | Reached skill level 1 in Armour
   747 | D:6      | Reached skill level 1 in Shields
   747 | D:6      | Reached skill level 1 in Unarmed Combat
   747 | D:6      | Reached skill level 1 in Spellcasting
   747 | D:6      | Reached skill level 1 in Conjurations
   747 | D:6      | Reached skill level 1 in Hexes
   747 | D:6      | Reached skill level 1 in Summonings
   747 | D:6      | Reached skill level 1 in Necromancy
   747 | D:6      | Reached skill level 1 in Translocations
   747 | D:6      | Reached skill level 1 in Transmutations
   747 | D:6      | Reached skill level 1 in Fire Magic
   747 | D:6      | Reached skill level 1 in Ice Magic
   747 | D:6      | Reached skill level 1 in Air Magic
   747 | D:6      | Reached skill level 1 in Earth Magic
   747 | D:6      | Reached skill level 1 in Poison Magic
   747 | D:6      | Reached skill level 1 in Invocations
   747 | D:6      | Reached skill level 1 in Evocations
   747 | D:6      | Reached skill level 1 in Shapeshifting
   747 | D:6      | Reached XP level 4. HP: 11/41 MP: 5/5
   753 | D:6      | Slain by an ice beast

Illustrated notes

Levels and vault maps discovered:
D:5:      layout_rooms
D:6:      layout_gridville

Skill      XL: |  1  2  3 |
---------------+----------+-----
Stealth        | |  9.6
Long Blades    | 1 |  1.2
Axes           | 1 |  1.2
Maces & Flails | 1 |  1.2
Polearms       | 1 |  1.2
Staves         | 1 |  1.2
Ranged Weapons | 1 |  1.2
Throwing       | 1 |  1.2
Armour         | 1 |  1.2
Shields        | 1 |  1.2
Unarmed Combat | 1 |  1.2
Spellcasting   | 1 |  1.2
Conjurations   | 1 |  1.0
Hexes          | 1 |  1.0
Summonings     | 1 |  1.0
Necromancy     | 1 |  1.0
Translocations | 1 |  1.0
Transmutations | 1 |  1.0
Fire Magic     | 1 |  1.0
Ice Magic      | 1 |  1.0
Air Magic      | 1 |  1.0
Earth Magic    | 1 |  1.0
Poison Magic   | 1 |  1.0
Invocations    | 1 |  1.4
Evocations     | 1 |  1.2
Shapeshifting  | 1 |  1.1
Fighting       | |  6.6
Short Blades   | |  4.7
Dodging        | |  4.7

Action                     |  1- 3 |  4- 6 || total
---------------------------+-------+-------++-------
  Melee: Short sword       |    82 |     6 ||    88
         Bite              |     5 |       ||     5
         Punch             |     1 |       ||     1
  Evoke: Wand              |     1 |       ||     1
    Use: Scroll            |     3 |     1 ||     4
         Potion            |     2 |       ||     2
   Stab: Sleeping          |     1 |       ||     1
 Armour: Skin              |    26 |     5 ||    31
         Leather armour    |    19 |       ||    19
  Dodge: Dodged            |    43 |       ||    43

Table legend: (Time is in decaauts)
 A = Elapsed time spent in this place.
 B = Non-inter-level travel time spent in this place.
 C = Inter-level travel time spent in this place.
 D = Time resting spent in this place.
 E = Time spent auto-exploring this place.
 F = Levels seen in this place.
 G = Mean time per level.
                   A        B        C        D        E       F      G
               +--------+--------+--------+--------+--------+-----+--------+
         Total |    714 |    714 |      0 |    383 |      0 |   2 |  357.0 |
       Dungeon |    714 |    714 |      0 |    383 |      0 |   2 |  357.0 |
               +--------+--------+--------+--------+--------+-----+--------+

Top non-repeatable levels by time:
     D:5: 404 daAuts
     D:6: 310 daAuts
